 Dungeon Crawl Stone Soup version 0.26-a0-67-g850bfe61e3 (webtiles) character file.

Game seed: 16977917539038731511

65 MarredHen the Sneak (level 3, -3/18 HPs)
             Began as a Spriggan Assassin on June 11, 2020.
             Killed by divine providence
             ... invoked by an orc priest
              (14 damage)
             ... on level 3 of the Dungeon.
             The game lasted 00:04:13 (2063 turns).

MarredHen the Sneak (Spriggan Assassin)             Turns: 2063, Time: 00:04:13

Health: -3/18      AC:  3    Str:  7    XL:     3   Next: 92%
Magic:  4/4        EV: 17    Int: 12    God:
Gold:   103        SH:  0    Dex: 18    Spells: 2/2 levels left

rFire    . . .     SeeInvis +   a - +2 dagger
rCold    . . .     Gourm    .   (shield restricted)
rNeg     . . .     Faith    .   b - +0 robe
rPois    .         Spirit   .   (helmet restricted)
rElec    .         Reflect  .   m - +0 cloak
rCorr    .         Harm     .   (gloves unavailable)
MR       .....                  (boots unavailable)
Stlth    ++++......             (no amulet)
HPRegen  0.06/turn              g - ring of flight
MPRegen  0.09/turn              (no ring)

@: very quick
A: very small, unfitting armour, see invisible, herbivore, speed 3, slow
metabolism 2
a: Evoke Flight


You were on level 3 of the Dungeon.
You were not hungry.

You visited 1 branch of the dungeon, and saw 3 of its levels.

You collected 103 gold pieces.

Inventory:

Hand Weapons
 a - a +2 dagger (weapon)
Missiles
 d - 3 poisoned darts (quivered)
 e - 2 curare-tipped darts
Armour
 b - a +0 robe (worn)
 c - a +0 cloak
 m - a +0 cloak (worn)
Jewellery
 g - a ring of flight (left hand)
Scrolls
 h - a scroll of remove curse {unknown}
 j - 3 scrolls of teleportation
 l - a scroll of magic mapping
 n - a scroll of fear {unknown}
 o - a scroll of amnesia {unknown}
 q - a scroll of immolation {unknown}
Potions
 p - a potion of curing
Comestibles
 f - 8 rations


   Skills:
 + Level 1.9 Fighting
 + Level 2.7 Short Blades
 + Level 2.0 Throwing
 + Level 1.8 Dodging
 + Level 7.7 Stealth


You had 2 spell levels left.
You didn't know any spells.
Your spell library was empty.

Dungeon Overview and Level Annotations

Branches:
Dungeon (3/15)

Altars:


Innate Abilities, Weirdness & Mutations

You are very small and have problems with some larger weapons.
You are too small for most types of armour.
You have supernaturally acute eyesight. (SInv)
You are a herbivore.
You cover ground extremely quickly.
You need to consume almost no food.


Message History

The poisoned dart barely misses the orc priest.
You kill the bat!
The orc priest casts a cantrip, but nothing happens.
You hit the orc priest but do no damage.
The orc priest is moderately wounded.
The orc closely misses you. The orc priest barely misses you.
You closely miss the orc priest.
The orc priest is heavily wounded.
You hit the orc.
The orc is moderately wounded.
You hit the orc.
You kill the orc!
The orc priest hits you with a +0 flail.
You closely miss the orc priest.
The orc priest is heavily wounded.
The orc hits you but does no damage.
The orc priest invokes the aid of Beogh against you.
Beogh smites you!
Ouch! That really hurt!
You die...

.....# #.....>#
.....####....#.##
....).....%.....#
...#...###...##!#
.......###.#.##.#####.
####...........[......
#...#....†.(.#####
####.####..#....####
#....##........o@oo#
#.###########.####.#
#.# #.# # ..# #.# ###
###


You could see an orc priest (poisoned) and 2 orcs.

Vanquished Creatures
  An adder (D:2)
  A worm (D:2)
  2 leopard geckos (D:2)
  An orc (D:3)
  3 giant cockroaches
  10 goblins
  5 hobgoblins
  11 bats
  2 frilled lizards
  6 kobolds
  6 rats
48 creatures vanquished.

Vanquished Creatures (others)
  4 toadstools (D:1)
4 creatures vanquished.

Grand Total: 52 creatures vanquished

Notes
Turn   | Place    | Note
-------+----------+-------------------------------------------
     0 | D:1      | MarredHen the Spriggan Assassin began the quest for the
                  | Orb.
     0 | D:1      | Reached XP level 1. HP: 10/10 MP: 2/2
    48 | D:1      | Reached skill level 6 in Stealth
   201 | D:1      | Reached XP level 2. HP: 14/14 MP: 3/3
   910 | D:2      | Reached XP level 3. HP: 10/18 MP: 4/4
  1073 | D:2      | Reached skill level 7 in Stealth
  2063 | D:3      | Killed from afar by an orc priest

Illustrated notes

Levels and vault maps discovered:
D:1:      ldierk_water_garden, layout_basic, minmay_pentomino_w2
D:2:      layout_loops_cross, minmay_puff
D:3:      layout_basic, minivault_24, moated_statue, uniq_sigmund

Skill      XL: |  1  2  3 |
---------------+----------+-----
Stealth        | 6 7 |  7.7
Fighting       | |  1.9
Short Blades   | |  2.7
Throwing       | |  2.0
Dodging        | |  1.8

Action                   || total
-------------------------++-------
Melee: Dagger            ||   159
Throw: Dart              ||     5
  Use: Scroll            ||     4
       Potion            ||     1
 Stab: Sleeping          ||    16
       Distracted        ||     2
Armor: Robe              ||    34
Dodge: Dodged            ||   145

Table legend:
 A = Non-vault XP
 B = Vault XP
 C = Vault XP percentage of total XP
 D = Non-vault monster count
 E = Vault monster count
 F = Vault count percentage of total count
                 A         B        C        D         E       F
            +---------+---------+-------+---------+---------+-------
      Total |      87 |       6 |   6.5 |      44 |       4 |   8.3
            +---------+---------+-------+---------+---------+-------
        D:1 |      34 |       1 |   2.9 |      21 |       1 |   4.5
        D:2 |      46 |       5 |   9.8 |      20 |       3 |  13.0
        D:3 |       7 |       0 |   0.0 |       3 |       0 |   0.0
            +---------+---------+-------+---------+---------+-------
